 Dungeon Crawl Stone Soup version 0.21-a0-150-gc243083 (webtiles) character file.

5 drasked the Firebug (level 1, -3/10 HPs)
             Began as a Deep Elf Fire Elementalist on July 26, 2017.
             Slain by a hobgoblin
             ... wielding a +0 club
              (5 damage)
             ... on level 1 of the Dungeon.
             The game lasted 00:00:58 (131 turns).

drasked the Firebug (Deep Elf Fire Elementalist)     Turns: 131, Time: 00:00:59

Health: -3/10      AC:  2    Str:  5    XL:     1   Next: 66%
Magic:  1/6        EV: 13    Int: 19    God:
Gold:   5          SH:  0    Dex: 15    Spells: 5/6 levels left

rFire    . . .     SeeInvis .   (no weapon)
rCold    . . .     Gourm    .   (no shield)
rNeg     . . .     Faith    .   a - +0 robe
rPois    .         Spirit   .   (no helmet)
rElec    .         Reflect  .   (no cloak)
rCorr    .         Harm     .   (no gloves)
MR       .....                  (no boots)
Stlth    ++........             (no amulet)
HPRegen  0.03/turn              (no ring)
MPRegen  0.10/turn              (no ring)

@: no status effects
A: no striking features
a: no special abilities


You were on level 1 of the Dungeon.
You were not hungry.

You visited 1 branch of the dungeon, and saw 1 of its levels.

You collected 5 gold pieces.

Inventory:

Armour
 a - a +0 robe (worn)
Books
 b - a book of Flames
Comestibles
 c - a bread ration {@e1}


   Skills:
 - Level 2.4 Dodging
 - Level 2.4 Stealth
 - Level 3.0 Spellcasting
 + Level 2.0 Conjurations
 - Level 3.2 Fire Magic


You had 5 spell levels left.
You knew the following spells:

 Your Spells              Type           Power        Failure   Level  Hunger
a - Flame Tongue          Conj/Fire      ##...        4%          1    None


Dungeon Overview and Level Annotations

Branches:
Dungeon (1/15)

Altars:


Message History

Welcome, drasked the Deep Elf Fire Elementalist.
Will you be the one to retrieve the fabulous Orb of Zot from the depths?
Found a staircase leading out of the dungeon.
d - a scroll labeled UMAOST HUUSOI You now have 5 gold pieces.
A bat comes into view.
The bat barely misses you.
You closely miss the bat. The bat hits you.
You take 1 damage, and have 9/10 hp.
Aim: a bat The flame tongue misses the bat.
The bat closely misses you.
You now have 5/6 mp.
Aim: a bat The flame tongue hits the bat.
You kill the bat!
You now have 4/6 mp.
A giant cockroach and a hobgoblin come into view.
The hobgoblin shouts!
A hobgoblin comes into view. It is wielding a club.
A goblin comes into view.
You see here a bat corpse.
You butcher the bat corpse.
The goblin shouts!
A rat comes into view.
Things that are here:
a chunk of flesh {@w0}; a bat skeleton Health restored: 10
Aim: a goblin The flame tongue hits the goblin.
The goblin barely misses you.
You now have 4/6 mp.
Aim: a goblin (almost dead)
The flame tongue hits the goblin.
You kill the goblin!
The rat barely misses you.
You now have 3/6 mp.
A bat comes into view.
The giant cockroach closely misses you. The bat hits you but does no damage.
The bat hits you.
You take 1 damage, and have 9/10 hp.
Aim: a hobgoblin, wielding a club The flame tongue hits the hobgoblin.
The hobgoblin hits you with a club!
Ouch! That really hurt!
* * * LOW HITPOINT WARNING * * *
You take 7 damage, and have 2/10 hp.
MASSIVE DAMAGE!!
You now have 3/6 mp.
Aim: a hobgoblin, wielding a club (almost dead)
The flame tongue hits the hobgoblin.
You kill the hobgoblin!
You now have 2/6 mp.
Aim: a giant cockroach (clinging)
You miscast Flame Tongue.
You are very lightly contaminated with residual magic.
Nothing appears to happen.
The giant cockroach bites you but does no damage.
Aim: a giant cockroach (clinging)
The flame tongue misses the giant cockroach.
The giant cockroach bites you.
* * * LOW HITPOINT WARNING * * *
You take 1 damage, and have 1/10 hp.
You now have 1/6 mp.
Aim: a giant cockroach (clinging)
The flame tongue hits the giant cockroach.
You kill the giant cockroach!
You now have 0/6 mp.
Aim: a rat The flame tongue misses the rat.
The rat twitches its whiskers.
The rat closely misses you.
You now have 0/6 mp.
Your magical contamination has completely faded away.
Aim: a rat The flame tongue hits the rat.
The rat appears unharmed.
The rat barely misses you.
You now have 0/6 mp.
Aim: a rat The flame tongue hits the rat.
You kill the rat!
Your Conjurations skill increases to level 2!
You now have 0/6 mp.
There is a staircase leading out of the dungeon here.
You closely miss the hobgoblin. The hobgoblin closely misses you.
You barely miss the hobgoblin. The hobgoblin misses you.
You hit the hobgoblin. You barely miss the hobgoblin.
The hobgoblin hits you but does no damage.
As you read the scroll labeled UMAOST HUUSOI, it crumbles to dust.
It is a scroll of amnesia.
Forget which spell ([?*] list [ESC] exit)?
Forget which spell ([?*] list [ESC] exit)?
Okay, then.
The hobgoblin misses you.
Unknown command.
Unknown command.
You hit the hobgoblin. The hobgoblin hits you with a club.
Ouch! That really hurt!
You die...

..#..#.#
#########
..#..#.#
###......b###
.......#
##..#######..##
.......# ##.###
###.##
.......###.##
##b#
.......##.##
#.##
.....#.##.#
##.#
.....#.#.## ###
#.# .....#.#.#
##@# ##.#
.....#.#.#
#g### ###.##
.......#.#
##..####..##
....##s#)#
###b...###
....r..#.#
######
...b##..##
....##.##
.......#
....##.#


You could see a hobgoblin.

Vanquished Creatures
  A giant cockroach (D:1)
  A goblin (D:1)
  A hobgoblin (D:1)
  A bat (D:1)
  A rat (D:1)
5 creatures vanquished.

Notes
Turn   | Place    | Note
-------+----------+-------------------------------------------
     0 | D:1      | drasked the Deep Elf Fire Elementalist began the quest for the Orb.
     0 | D:1      | Reached XP level 1. HP: 10/10 MP: 6/6
    83 | D:1      | HP: 2/10 [hobgoblin/club (7)]
   119 | D:1      | Reached skill level 2 in Conjurations
   131 | D:1      | Slain by a hobgoblin

Vault maps used:
D:1:      dpeg_arrival_solitude, serial_forest, infiniplex_forest_end_1,
          infiniplex_forest_lined_2, infiniplex_forest_clump_small,
          infiniplex_forest_clump_long

Skill      XL: |  1 |
---------------+----+-----
Conjurations   | 2 |  2.0
Dodging        | |  2.4
Stealth        | |  2.4
Spellcasting   | |  3.0
Fire Magic     | |  3.2

Action                   || total
-------------------------++-------
Melee: Unarmed           ||     6
 Cast: Flame Tongue      ||    11
  Use: Scroll            ||     1
Armor: Robe              ||     2
Dodge: Dodged            ||    10

Vault maps used:
D:1:      dpeg_arrival_solitude, serial_forest, infiniplex_forest_end_1,
          infiniplex_forest_lined_2, infiniplex_forest_clump_small,
          infiniplex_forest_clump_long

Table legend:
 A = Turns spent in this place as a percentage of turns spent in the entire game.
 B = Non-inter-level travel turns spent in this place as a percentage of non-inter-level travel turns spent in the entire game.
 C = Inter-level travel turns spent in this place as a percentage of turns spent in this place.
 D = Turns resting spent in this place as a percentage of non-inter-level travel turns spent in this place.
 E = Turns spent auto-exploring this place as a percentage of non-inter-level travel turns spent in this place.
 F = Non-inter-level travel turns spent in this place divided by the number of levels of this place that you've seen.
                   A       B       C       D       E      F
               +-------+-------+-------+-------+-------+----------------------
         Total | 100.0 | 100.0 |   0.0 |   0.0 |   2.3 |  88.0
       Dungeon | 100.0 | 100.0 |   0.0 |   0.0 |   2.3 |  88.0
               +-------+-------+-------+-------+-------+----------------------

Table legend:
 A = Kills in this place as a percentage of kills in entire the game.
 B = Kills by you in this place as a percentage of kills by you in the entire game.
 C = Kills by friends in this place as a percentage of kills by friends in the entire game.
 D = Other kills in this place as a percentage of other kills in the entire game.
 E = Experience gained in this place as a percentage of experience gained in the entire game.
 F = Experience gained in this place divided by the number of levels of this place that you have seen.
                   A       B       C       D       E      F
               +-------+-------+-------+-------+-------+----------------------
         Total | 100.0 | 100.0 |  -nan |  -nan | 100.0 |   8.0
       Dungeon | 100.0 | 100.0 |  -nan |  -nan | 100.0 |   8.0
               +-------+-------+-------+-------+-------+----------------------
